 Dungeon Crawl Stone Soup version 0.20-a0-870-g4070442 (webtiles) character file.

75 4thArraOfDagon the Ruffian (level 4, -9/35 HPs)
             Began as a Demonspawn Chaos Knight on Mar 13, 2017.
             Mangled by a two-headed ogre
             ... wielding a +0 dire flail
              (16 damage)
             ... on level 3 of the Dungeon.
             The game lasted 00:03:55 (867 turns).

4thArraOfDagon the Ruffian (Demonspawn Chaos Knight) Turns: 867, Time: 00:03:56

Health: -9/35      AC:  5    Str: 13    XL:     4   Next: 11%
Magic:  4/4        EV: 12    Int: 14    God:    Xom [......]
Gold:   108        SH:  0    Dex: 12    Spells: 3/3 levels left

rFire    . . .     SeeInvis .     - Unarmed
rCold    . . .     Gourm    .   a - +2 leather armour
rNeg     . . .     Faith    .   (no shield)
rPois    .         Spirit   .   (no helmet)
rElec    .         Reflect  .   (no cloak)
rCorr    .         Harm     +   (no gloves)
MR       .....                  (no boots)
Stlth    +.........             f - amulet of harm
Regen    0.2/turn               (no ring)
MPRegen  0.1/turn               (no ring)

@: very slightly contaminated
A: hooves 1
a: Renounce Religion


You were on level 3 of the Dungeon.
You worshipped Xom.
You were a very special plaything of Xom.
You were not hungry.

You visited 1 branch of the dungeon, and saw 3 of its levels.

You collected 108 gold pieces.

Inventory:

Armour
 a - a +2 leather armour (worn)
 g - a +2 robe of cold resistance
Jewellery
 e - an uncursed amulet of faith
 f - an amulet of harm (around neck)
Scrolls
 c - 4 scrolls of identify {unknown}
 d - a scroll of teleportation {unknown}
 h - a scroll of noise {unknown}
Potions
 i - a potion of agility
Comestibles
 b - a bread ration


   Skills:
 - Level 3.0 Fighting
 + Level 2.4 Armour
 + Level 2.0 Dodging
 * Level 3.6 Unarmed Combat


You had 3 spell levels left.
You didn't know any spells.

Dungeon Overview and Level Annotations

Branches:
Dungeon (3/15)

Altars:
Ashenzari
Dithmenos
Uskayaw
Xom

Annotations:
D:2 Robin


Innate Abilities, Weirdness & Mutations

You have large cloven feet.


Message History

The two-headed ogre looks more healthy.
The helpless two-headed ogre fails to defend itself.
You hit the two-headed ogre.
The two-headed ogre is heavily wounded.
The helpless two-headed ogre fails to defend itself.
You hit the two-headed ogre but do no damage.
You kick the two-headed ogre, but do no damage.
The two-headed ogre is heavily wounded.
The helpless two-headed ogre fails to defend itself.
You hit the two-headed ogre but do no damage.
You kick the two-headed ogre, but do no damage.
The two-headed ogre is heavily wounded.
The helpless two-headed ogre fails to defend itself.
You hit the two-headed ogre.
You punch the two-headed ogre, but do no damage.
The two-headed ogre is heavily wounded.
The two-headed ogre is no longer petrified.
The two-headed ogre hits you with a dire flail!
You die...
Xom roars with laughter!

, , , *,,* #+#* * ,, ,
, ,, +_+, ,*** ***** #
**###** * * #. ### ,*
#.#######.# *........,
###..####* #....O@.#
##.#####.##
###......#..###
#....#.).#....#
#.##.#.).)###)##
###..#⌠v##+##.⌠#..###
#...,#.........#....##
#.#####..(....##.##..#
#.#...#.......#...#..#


You could see a two-headed ogre.

Vanquished Creatures
  4 gnolls (D:3)
  An adder (D:1)
  An ooze (D:3)
  A leopard gecko (D:1)
  An orc (D:3)
  2 bats (D:1)
  4 goblins
  3 hobgoblins (D:1)
  3 kobolds (D:1)
  2 frilled lizards (D:1)
  2 rats (D:1)
24 creatures vanquished.

Notes
Turn   | Place    | Note
-------+----------+-------------------------------------------
     0 | D:1      | 4thArraOfDagon the Demonspawn Chaos Knight began the quest for the Orb.
     0 | D:1      | Reached XP level 1. HP: 18/18 MP: 1/1
   157 | D:1      | Reached skill level 1 in Dodging
   179 | D:2      | Found a shadowy altar of Dithmenos.
   179 | D:2      | Noticed Robin
   187 | D:1      | Gained mutation: You have large cloven feet. [demonic ancestry]
   187 | D:1      | Reached XP level 2. HP: 24/24 MP: 2/2
   323 | D:1      | HP: 1/24 [hobgoblin (3)]
   482 | D:1      | XOM: harmless Air miscast
   670 | D:3      | Found a shattered altar of Ashenzari.
   680 | D:3      | Reached XP level 3. HP: 26/29 MP: 3/3
   700 | D:3      | Noticed a two-headed ogre
   704 | D:3      | XOM: potion effect (invisibility)
   705 | D:3      | XOM: potion effect (agility)
   725 | D:3      | XOM: mild Fire miscast
   726 | D:3      | XOM: potion effect (agility)
   729 | D:3      | XOM: potion effect (haste)
   755 | D:3      | Reached XP level 4. HP: 30/35 MP: 4/4
   790 | D:3      | Found a hide-covered altar of Uskayaw.
   792 | D:3      | XOM: harmless Fire miscast
   793 | D:3      | XOM: confuse monster(s)
   794 | D:3      | XOM: harmless Pois miscast
   805 | D:3      | XOM: divination: magic mapping
   807 | D:3      | XOM: divination: magic mapping
   809 | D:3      | XOM: confuse monster(s)
   811 | D:3      | Found a shimmering altar of Xom.
   847 | D:3      | XOM: mild Tloc miscast
   848 | D:3      | Noticed a spatial vortex
   852 | D:3      | XOM: enchant monster (good)
   853 | D:3      | XOM: cast spell 'Olgreb's Toxic Radiance'
   867 | D:3      | Mangled by a two-headed ogre

Vault maps used:
D:1:      minmay_arrival_widening_spiral_wide, hangedman_decor_diamond_cutter,
          minmay_misc_feat_secret_circle
D:2:      marbit_many_paths, grunt_dithmenos_smoke, uniq_crazy_yiuf_cottage,
          uniq_robin
D:3:      kennysheep_the_goblin_king, grunt_temple_overflow_order_and_chaos_2,
          kennysheep_slug_shrine, dancing_weapons_uskayaw,
          evilmike_ruin_ashenzari, lemuel_doored_altar, first_bread

Skill      XL: |  1  2  3 |
---------------+----------+-----
Dodging        | 1 2 |  2.0
Unarmed Combat | 3 |  3.6
Armour         | 2 |  2.4
Fighting       | |  3.0

Action                   |  1- 3 |  4- 6 || total
-------------------------+-------+-------++-------
Melee: Unarmed           |   106 |    17 ||   123
       Kick              |    18 |     7 ||    25
       Punch             |       |     1 ||     1
Throw: Tomahawk          |       |     3 ||     3
  Use: Potion            |     2 |       ||     2
 Stab: Petrified         |       |     8 ||     8
       Confused          |       |     1 ||     1
Armor: Leather armour    |    33 |       ||    33
       Skin              |     1 |       ||     1
Dodge: Dodged            |    48 |     4 ||    52
